 Dungeon Crawl Stone Soup version 0.19.0-2-gae57169 (webtiles) character file.

1924 Patchouli the Vandal (level 9, -4/64 HPs)
             Began as a Human Wanderer on Nov 6, 2016.
             Was an Initiate of Okawaru.
             Killed by divine providence
             ... invoked by an orc priest
              (13 damage)
             ... on level 8 of the Dungeon.
             The game lasted 00:32:42 (4150 turns).

Patchouli the Vandal (Human Wanderer)               Turns: 4150, Time: 00:32:42

Health: -4/64      AC: 13    Str: 19    XL:     9   Next: 39%
Magic:  12/12      EV:  9    Int: 13    God:    Okawaru [......]
Gold:   265        SH:  0    Dex: 15    Spells: 0 memorised, 12 levels left

rFire  . . .     SeeInvis .     w - +1 hand axe (chop)
rCold  . . .     Gourm    .     t - +0 chain mail
rNeg   . . .     Faith    .     (no shield)
rPois  .         Spirit   .     (helmet restricted)
rElec  .         Reflect  .     j - +1 cloak
rCorr  .         Harm     .     (no gloves)
MR     .....     Rnd*Tele +     (no boots)
Stlth  ..........               (no amulet)
                                (no ring)
                                (no ring)

@: no status effects
A: beak, molten scales 1, agile 1, strong 2, teleportitis 1
a: Renounce Religion


You were on level 8 of the Dungeon.
You worshipped Okawaru.
Okawaru was noncommittal.
You were not hungry.

You visited 2 branches of the dungeon, and saw 9 of its levels.

You collected 265 gold pieces.

Inventory:

Hand Weapons
 a - a +0 dagger
 b - a +0 hunting sling
 w - a +1 hand axe of chopping (weapon)
Missiles
 h - 70 stones (quivered)
 i - 30 sling bullets
Armour
 d - a +0 leather armour
 j - a +1 cloak (worn)
 r - a +0 ring mail
 t - a +0 chain mail (worn)
Wands
 c - a wand of random effects (0/48)
 q - a wand of disintegration (0/24)
Scrolls
 l - a scroll of magic mapping
 n - a scroll of remove curse
 p - 2 scrolls of enchant armour
 y - a scroll of noise
Potions
 m - a potion of brilliance
Comestibles
 f - 5 bread rations
 g - a beef jerky
 o - 2 meat rations
 s - a chunk of flesh


   Skills:
 + Level 3.4 Fighting
 - Level 1.8(2.0) Short Blades
   Level 1.0(1.5) Long Blades
 * Level 5.4 Axes
 * Level 5.7 Slings
 + Level 3.8 Armour
 + Level 4.1 Dodging
 - Level 2.0 Spellcasting
   Level 1.0 Conjurations
   Level 2.0 Translocations
 + Level 4.8 Evocations


You had 12 spell levels left.
You didn't know any spells.

Dungeon Overview and Level Annotations

Branches:
Dungeon (8/15)             Temple (1/1) D:7
   Lair: D:8-11

Altars:
Ashenzari
Cheibriados
Dithmenos
Elyvilon
Fedhas
Gozag
Hepliaklqana
Kikubaaqudgha
Makhleb
Nemelex Xobeh
Okawaru
Qazlal
Ru
Sif Muna
Trog
Uskayaw
Vehumet
Xom
Yredelemnul
Zin
The Shining One

Annotations:
D:3 Drunkenshrew's ghost, amateur DrMo
D:4 Drunkenshrew's ghost, amateur DrMo; Menkaure
D:6 Drunkenshrew's ghost, novice HEGl


Innate Abilities, Weirdness & Mutations

You have a beak for a mouth.
You are partially covered in molten scales. (AC +2)
You are agile. (Dex +2)
Your muscles are very strong. (Str +4)
You are occasionally teleported next to monsters.


Message History

* * * LOW HITPOINT WARNING * * *
The orc priest convulses!
It was a scroll of torment.
The leopard gecko zombie bites you but does no damage.
Okay, then.
You hit the leopard gecko zombie. You peck the leopard gecko zombie.
You destroy the leopard gecko zombie!
Okawaru accepts your kill.
You barely miss the orc priest. The orc priest hits you with a dagger.
* * * LOW HITPOINT WARNING * * *
A worker ant comes into view.
The worker ant twitches its antennae in your direction.
You hit the orc priest.
The orc priest is heavily wounded.
The orc priest hits you but does no damage.
You hit the orc priest.
You kill the orc priest!
Okawaru accepts your kill.
The orc priest invokes the aid of Beogh against you.
Beogh smites you!
You die...

.#. #.# #.#
#.# # #.# #.
#.# ..###.#.#
#......@#####
....(a...zo<#
.####.#####o#
#. #.# # #o#
... ..# #o#
.#.


You could see a worker ant, a wight, an orc priest and an orc wizard.

Vanquished Creatures
  Pikel (D:7)
  An ice beast (D:5)
  A sky beast (D:7)
  2 slaves (D:7)
  A phantom (D:5)
  2 ogres
  2 centaurs
  A big kobold (D:7)
  3 bullfrogs
  A scorpion (D:5)
  A killer bee (D:2)
  A howler monkey (D:4)
  A centaur zombie (D:5)
  A hound (D:5)
  2 orc priests
  A bullfrog zombie (D:8)
  A bullfrog skeleton (D:5)
  An iguana (D:7)
  5 worker ants
  A hound skeleton (D:5)
  2 gnolls
  9 adders
  A shadow imp (D:7)
  An ooze (D:1)
  An adder skeleton (D:7)
  An adder zombie (D:8)
  A dart slug (D:1)
  A leopard gecko (D:2)
  2 orcs
  4 giant cockroaches
  7 goblins
  8 hobgoblins
  7 jackals
  10 kobolds
  3 ball pythons
  8 bats
  3 frilled lizards
  A giant cockroach zombie (D:6)
  A leopard gecko zombie (D:8)
  6 rats
107 creatures vanquished.

Vanquished Creatures (collateral kills)
  A bullfrog skeleton (D:5)
1 creature vanquished.

Vanquished Creatures (others)
  A rime drake (D:7)
  A slave (D:7)
  A hound (D:5)
  2 gnolls (D:5)
5 creatures vanquished.

Grand Total: 113 creatures vanquished

Notes
Turn   | Place    | Note
-------+----------+-------------------------------------------
     0 | D:1      | Patchouli the Human Wanderer began the quest for the Orb.
     0 | D:1      | Patchouli set off with: a +0 leather armour, 2 throwing nets, a wand of random effects (15/48), a +0 dagger, a bread ration
     0 | D:1      | Reached XP level 1. HP: 13/13 MP: 3/3
   172 | D:2      | Reached skill level 1 in Slings
   172 | D:2      | Reached XP level 2. HP: 16/20 MP: 5/5
   267 | D:2      | Reached XP level 3. HP: 25/25 MP: 6/6
   319 | D:3      | Noticed Drunkenshrew's ghost (amateur DrMo)
   407 | D:1      | Gained mutation: You are agile. (Dex +2) [potion of beneficial mutation]
   410 | D:1      | Gained mutation: Your muscles are strong. (Str +2) [potion of beneficial mutation]
   411 | D:1      | Gained mutation: You are partially covered in molten scales. (AC +2) [potion of beneficial mutation]
   448 | D:1      | Reached skill level 1 in Short Blades
   960 | D:1      | Reached XP level 4. HP: 17/31 MP: 7/7
  1047 | D:2      | Reached skill level 1 in Fighting
  1047 | D:2      | Reached skill level 1 in Armour
  1047 | D:2      | Reached XP level 5. HP: 25/37 MP: 8/8
  1490 | D:4      | Noticed Drunkenshrew's ghost (amateur DrMo)
  1817 | D:3      | Noticed an ice beast
  1856 | D:4      | Noticed a phantom
  1865 | D:4      | Noticed a hungry ghost
  1889 | D:4      | Reached skill level 1 in Axes
  1889 | D:4      | Reached XP level 6. HP: 25/43 MP: 9/9
  1903 | D:5      | Entered Level 5 of the Dungeon
  1939 | D:5      | Found a deep blue altar of Sif Muna.
  1942 | D:5      | Noticed an ice beast
  2124 | D:4      | Noticed Menkaure
  2329 | D:5      | Killed an ice beast
  2329 | D:5      | Reached XP level 7. HP: 48/48 MP: 10/10
  2668 | D:7      | Reached XP level 8. HP: 21/56 MP: 11/11
  3493 | D:7      | Found a staircase to the Ecumenical Temple.
  3497 | D:7      | Noticed Pikel
  3526 | D:6      | Gained mutation: Your muscles are very strong. (Str +4) [potion of mutation]
  3526 | D:6      | Gained mutation: You are occasionally teleported next to monsters. [potion of mutation]
  3526 | D:6      | Gained mutation: You have a beak for a mouth. [potion of mutation]
  3739 | D:6      | Noticed Drunkenshrew's ghost (novice HEGl)
  3765 | D:7      | Reached skill level 5 in Slings
  3767 | D:7      | Reached XP level 9. HP: 51/62 MP: 12/12
  3772 | Temple   | Entered the Ecumenical Temple
  3934 | Temple   | Became a worshipper of Warmaster Okawaru
  3973 | D:7      | Noticed a rime drake
  3973 | D:7      | a slave changed into a rime drake
  4023 | D:7      | Killed Pikel
  4023 | D:7      | Reached skill level 5 in Axes
  4150 | D:8      | Killed from afar by an orc priest

Skill      XL: |  1  2  3  4  5  6  7  8  9 |
---------------+----------------------------+-----
Slings         | 1 2 3 4 5 |  5.7
Short Blades   | 1 |  1.8
Fighting       | 1 2 3 |  3.4
Armour         | 1 2 3 |  3.8
Evocations     | 3 4 |  4.8
Axes           | 1 2 3 4 5 |  5.4
Dodging        | 3 4 |  4.1
Long Blades    | |  1.0
Spellcasting   | |  2.0
Conjurations   | |  1.0
Translocations | |  2.0

Action                   |  1- 3 |  4- 6 |  7- 9 || total
-------------------------+-------+-------+-------++-------
Melee: Dagger            |   127 |    45 |       ||   172
       Hand axe          |       |    78 |   148 ||   226
       Peck              |       |       |     7 ||     7
 Fire: Hunting sling     |    42 |     1 |       ||    43
Throw: Throwing net      |       |       |     5 ||     5
Evoke: Wand              |     2 |    33 |    62 ||    97
  Use: Scroll            |     2 |     9 |     7 ||    18
       Potion            |     6 |     5 |    10 ||    21
 Stab: Paralysed         |       |     4 |    11 ||    15
       Sleeping          |       |     1 |     1 ||     2
       Confused          |       |       |     3 ||     3
  Eat: Chunk             |       |     5 |     6 ||    11
Armor: Leather armour    |    37 |    60 |    26 ||   123
       Ring mail         |       |       |    35 ||    35
       Chain mail        |       |       |    37 ||    37
Dodge: Dodged            |    79 |   115 |   141 ||   335
